SAA
TACOMA FUR TRADERS @ PHOENIX HOTSPUR YOUTH
09/17/2037
 
TOP OF THE 1ST
Tacoma Fur Traders batting - Pitching for Phoenix Hotspur Youth : RHP Benjie Cacdac
Pitching: RHP Benjie Cacdac
Batting: RHB António Salas 0-0: Called Strike
0-1: Called Strike
0-2: Foul Ball, location: 2F
0-2: Foul Ball, location: 2F
0-2: Ball
1-2: Fly out, F8 (Flyball, 8RM, EV 78.1 MPH)
Batting: LHB Sherman Hoffman 0-0: Fly out, F7 (Flyball, 7S, EV 97.5 MPH)
Batting: RHB Gilberto Ramírez 0-0: Foul Ball, location: 2F
0-1: Ball
1-1: Ball
2-1: SINGLE (Groundball, 6MD, EV 105.6 MPH)
Batting: LHB Alex Avery 0-0: Ball
1-0: Ball
2-0: Ball
3-0: Called Strike
3-1: Base on Balls
Gilberto Ramírez to second
Batting: RHB Francisco Alhama 0-0: Called Strike
0-1: Fly out, F8 (Line Drive, 8RD, EV 93.1 MPH)
Top of the 1st over - 0 runs, 1 hit, 0 errors, 2 left on base; Tacoma 0 - Phoenix Hotspur 0
BOTTOM OF THE 1ST
Phoenix Hotspur Youth batting - Pitching for Tacoma Fur Traders : LHP Paddy de Klerk
Pitching: LHP Paddy de Klerk
Batting: RHB Eugene McClellan 0-0: Ball
1-0: SINGLE (Line Drive, 34D, EV 94.4 MPH)
Batting: RHB Hal Larson 0-0: Ball
1-0: Ball
2-0: SINGLE (Groundball, 56D, EV 107.5 MPH)
Eugene McClellan to second
Batting: LHB Damian Alldred 0-0: Called Strike
0-1: Ball
1-1: Foul Ball, location: 2F
1-2: Ball
2-2: Foul Ball, location: 2F
2-2: Foul Ball, location: 2F
2-2: Ball
3-2: Base on Balls
Eugene McClellan to third
Hal Larson to second
Batting: RHB Peer Kattenberg 0-0: Called Strike
0-1: SINGLE (Groundball, 56D, EV 94.4 MPH)
Eugene McClellan scores
Hal Larson to third
Damian Alldred to second
Runner from 3rd tries for Home, SAFE, throw by LF to home
Batting: RHB Nathan Pruitt 0-0: Ball
1-0: Called Strike
1-1: Foul Ball, location: 2F
1-2: Foul Ball, location: 2F
1-2: Ball
2-2: Ball
3-2: Foul Ball, location: 2F
3-2: Foul Ball, location: 2F
3-2: Lines into TRIPLE play, 7-4-3 (Line Drive, 7D, EV 87.5 MPH)
Bottom of the 1st over - 2 runs, 3 hits, 0 errors, 0 left on base; Tacoma 0 - Phoenix Hotspur 2
TOP OF THE 2ND
Tacoma Fur Traders batting - Pitching for Phoenix Hotspur Youth : RHP Benjie Cacdac
Batting: RHB Layton Arntsen 0-0: Called Strike
0-1: Called Strike
0-2: Ball
1-2: Ball
2-2: Strikes out looking
Batting: RHB John Fitzgerald 0-0: Called Strike
0-1: Ball
1-1: Ball
2-1: Foul Ball, location: 2F
2-2: Strikes out swinging
Batting: RHB Wen-hua Zhŕo 0-0: Called Strike
0-1: Ball
1-1: Ball
2-1: SINGLE (Line Drive, 9S, EV 99.4 MPH)
Batting: RHB Juan Echerearria 0-0: Ball
1-0: Fly out, F1 (Line Drive, P, EV 61.9 MPH)
Top of the 2nd over - 0 runs, 1 hit, 0 errors, 1 left on base; Tacoma 0 - Phoenix Hotspur 2
BOTTOM OF THE 2ND
Phoenix Hotspur Youth batting - Pitching for Tacoma Fur Traders : LHP Paddy de Klerk
Batting: RHB Wilbert Hall 0-0: DOUBLE (Line Drive, 9LS, EV 98.8 MPH)
Batting: RHB Fernando González 0-0: Called Strike
0-1: Fly out, F8 (Flyball, 8LXD, EV 92.5 MPH)
Runner from 2nd tags up, SAFE at 3rd, no throw by CF
Batting: LHB Carel Oskamp 0-0: Foul Ball, location: 2F
0-1: Ball
1-1: Fly out, F7 (Flyball, 7LSF, EV 96.2 MPH)
Batting: RHB Miguel Villarreal 0-0: Ball
Wild Pitch!
Wilbert Hall scores
1-0: Ball
2-0: SINGLE (Groundball, 4MD, EV 109.4 MPH)
Batting: RHB Eugene McClellan 0-0: Called Strike
0-1: Ball
1-1: Ball
2-1: Fly out, F7 (Flyball, 7S, EV 88.8 MPH)
Bottom of the 2nd over - 1 run, 2 hits, 0 errors, 1 left on base; Tacoma 0 - Phoenix Hotspur 3
TOP OF THE 3RD
Tacoma Fur Traders batting - Pitching for Phoenix Hotspur Youth : RHP Benjie Cacdac
Batting: RHB António Salas 0-0: Ball
1-0: Ball
2-0: Ball
3-0: Base on Balls
Batting: LHB Sherman Hoffman 0-0: Ball
1-0: Ball
2-0: Ball
3-0: Called Strike
3-1: Swinging Strike
3-2: Fly out, F8 (Line Drive, 8RM, EV 87.5 MPH)
Batting: RHB Gilberto Ramírez 0-0: Called Strike
0-1: Ball
António Salas steals 2nd base
1-1: SINGLE (Line Drive, 8LS, EV 108.8 MPH)
António Salas to third
Runner from 3rd tries for Home, SAFE, throw by CF to home
Gilberto Ramírez to second
Batting: LHB Alex Avery 0-0: Called Strike
0-1: Foul Ball, location: 2F
0-2: Foul Ball, location: 2F
0-2: Foul Ball, location: 2F
0-2: Ball
1-2: Ball
2-2: Ball
3-2: Fly out, F8 (Line Drive, 8LM, EV 91.9 MPH)
Batting: RHB Francisco Alhama 0-0: Ball
1-0: Ball
2-0: Called Strike
2-1: SINGLE (Line Drive, 56, EV 99.4 MPH)
Gilberto Ramírez to third
Runner from 3rd tries for Home, SAFE, no throw by LF
Batting: RHB Layton Arntsen 0-0: Ball
1-0: Ball
2-0: Foul Ball, location: 2F
2-1: Ground out 6-3 (Groundball, 4M, EV 77.5 MPH)
Top of the 3rd over - 2 runs, 2 hits, 0 errors, 1 left on base; Tacoma 2 - Phoenix Hotspur 3
BOTTOM OF THE 3RD
Phoenix Hotspur Youth batting - Pitching for Tacoma Fur Traders : LHP Paddy de Klerk
Batting: RHB Hal Larson 0-0: Foul Ball, location: 2F
0-1: Hit by Pitch
Batting: LHB Damian Alldred 0-0: Ball
1-0: Ball
2-0: Ball
3-0: Called Strike
3-1: Foul Ball, location: 2F
3-2: Foul Ball, location: 2F
3-2: Base on Balls
Hal Larson to second
Batting: RHB Peer Kattenberg 0-0: Called Strike
0-1: Ball
1-1: Fly out, F3 (Popup, 3SF, EV 84.4 MPH)
Batting: RHB Nathan Pruitt 0-0: Called Strike
0-1: Foul Ball, location: 2F
0-2: Strikes out swinging
Batting: RHB Wilbert Hall 0-0: Called Strike
0-1: Called Strike
0-2: Ball
1-2: SINGLE (Groundball, 25, EV 69.4 MPH) (infield hit)
Hal Larson to third
Damian Alldred to second
Batting: RHB Fernando González 0-0: Ball
1-0: Hit by Pitch
Hal Larson scores
Damian Alldred to third
Wilbert Hall to second
Batting: LHB Carel Oskamp 0-0: Called Strike
0-1: Ball
1-1: Ball
2-1: Fielders Choice at 2nd, 5-4 (Groundball, 5, EV 106.9 MPH)
Bottom of the 3rd over - 1 run, 1 hit, 0 errors, 3 left on base; Tacoma 2 - Phoenix Hotspur 4
TOP OF THE 4TH
Tacoma Fur Traders batting - Pitching for Phoenix Hotspur Youth : RHP Benjie Cacdac
Batting: RHB John Fitzgerald 0-0: Ball
1-0: DOUBLE (Flyball, 8RXD, EV 104.4 MPH)
Batting: RHB Wen-hua Zhŕo 0-0: Foul Ball, location: 2F
0-1: Ball
1-1: DOUBLE (Line Drive, 9LS, EV 96.9 MPH)
John Fitzgerald scores
Batting: RHB Juan Echerearria 0-0: Foul Ball, location: 2F
0-1: Ball
1-1: Swinging Strike
1-2: Ball
2-2: Foul Ball, location: 2F
2-2: Ball
3-2: Fly out, F8 (Flyball, 8RD, EV 98.8 MPH)
Batting: RHB António Salas 0-0: Called Strike
0-1: Ball
1-1: Foul Ball, location: 2F
1-2: Ball
2-2: Ball
3-2: Foul Ball, location: 2F
3-2: Base on Balls
Batting: LHB Sherman Hoffman 0-0: Ball
1-0: Grounds into double play, 4-6-3 (Groundball, 4, EV 102.5 MPH)
Top of the 4th over - 1 run, 2 hits, 0 errors, 1 left on base; Tacoma 3 - Phoenix Hotspur 4
BOTTOM OF THE 4TH
Phoenix Hotspur Youth batting - Pitching for Tacoma Fur Traders : LHP Paddy de Klerk
Batting: RHB Miguel Villarreal 0-0: Foul Ball, location: 2F
0-1: Ball
1-1: Ball
2-1: Foul Ball, location: 2F
2-2: Ground out 1-3 (Groundball, 13, EV 71.9 MPH)
Batting: RHB Eugene McClellan 0-0: Called Strike
0-1: Ball
1-1: Ball
2-1: Foul Ball, location: 2F
2-2: Ball
3-2: Fly out, F9 (Flyball, 9LS, EV 73.8 MPH)
Pitching: RHP Mo-ruo Kum
Batting: RHB Hal Larson 0-0: Ball
1-0: Ball
2-0: Ball
3-0: Base on Balls
Batting: LHB Damian Alldred 0-0: Called Strike
0-1: Ball
1-1: Ball
2-1: Foul Ball, location: 2F
2-2: Strikes out swinging
Bottom of the 4th over - 0 runs, 0 hits, 0 errors, 1 left on base; Tacoma 3 - Phoenix Hotspur 4
TOP OF THE 5TH
Tacoma Fur Traders batting - Pitching for Phoenix Hotspur Youth : RHP Benjie Cacdac
Batting: RHB Gilberto Ramírez 0-0: Ball
1-0: Ground out U3 (Groundball, 3S, EV 85.0 MPH)
Batting: LHB Alex Avery 0-0: Ball
1-0: Ball
2-0: SINGLE (Line Drive, 78S, EV 98.8 MPH)
Batting: RHB Francisco Alhama 0-0: Ball
1-0: Swinging Strike
1-1: Called Strike
1-2: Ball
2-2: Strikes out looking
Batting: RHB Layton Arntsen 0-0: Ball
1-0: Swinging Strike
1-1: Ball
2-1: Foul Ball, location: 2F
2-2: Strikes out swinging
Top of the 5th over - 0 runs, 1 hit, 0 errors, 1 left on base; Tacoma 3 - Phoenix Hotspur 4
BOTTOM OF THE 5TH
Phoenix Hotspur Youth batting - Pitching for Tacoma Fur Traders : RHP Mo-ruo Kum
Batting: RHB Peer Kattenberg 0-0: Fly out, F7 (Flyball, 78S, EV 83.1 MPH)
Batting: RHB Nathan Pruitt 0-0: Swinging Strike
0-1: Called Strike
0-2: Strikes out swinging
Batting: RHB Wilbert Hall 0-0: Ball
1-0: Ball
2-0: Ball
3-0: Called Strike
3-1: Base on Balls
Batting: RHB Fernando González 0-0: Foul Ball, location: 2F
0-1: Ball
1-1: Ball
2-1: Foul Ball, location: 2F
2-2: Ball
3-2: SINGLE (Groundball, 34D, EV 106.9 MPH)
Wilbert Hall to second
Wilbert Hall to third
Batting: LHB Carel Oskamp 0-0: Ball
Pickoff Throw to First - Out! 1-3
Bottom of the 5th over - 0 runs, 1 hit, 0 errors, 1 left on base; Tacoma 3 - Phoenix Hotspur 4
TOP OF THE 6TH
Tacoma Fur Traders batting - Pitching for Phoenix Hotspur Youth : RHP Benjie Cacdac
Batting: RHB John Fitzgerald 0-0: Ball
1-0: Ball
2-0: Ball
3-0: Called Strike
3-1: Called Strike
3-2: Base on Balls
Pitching: RHP Juan Escobar
Batting: RHB Wen-hua Zhŕo 0-0: Swinging Strike
0-1: Ball
1-1: Foul Ball, location: 2F
1-2: Grounds into double play, 4-6-3 (Groundball, 4, EV 85.0 MPH)
Batting: RHB Juan Echerearria 0-0: Called Strike
0-1: Ball
1-1: Foul Ball, location: 2F
1-2: SINGLE (Line Drive, 7LS, EV 107.5 MPH)
Batting: RHB António Salas 0-0: SINGLE (Groundball, 25, EV 62.5 MPH) (infield hit)
Juan Echerearria to second
Batting: LHB Sherman Hoffman 0-0: Ball
1-0: Ball
2-0: Called Strike
2-1: Ball
3-1: Foul Ball, location: 2F
3-2: Base on Balls
Juan Echerearria to third
António Salas to second
Batting: RHB Gilberto Ramírez 0-0: Swinging Strike
0-1: Called Strike
0-2: Foul Ball, location: 2F
0-2: Foul Ball, location: 2F
0-2: Strikes out swinging
Top of the 6th over - 0 runs, 2 hits, 0 errors, 3 left on base; Tacoma 3 - Phoenix Hotspur 4
BOTTOM OF THE 6TH
Phoenix Hotspur Youth batting - Pitching for Tacoma Fur Traders : RHP Mo-ruo Kum
Batting: LHB Carel Oskamp 0-0: Ball
1-0: Ground out U3 (Groundball, 3, EV 100.0 MPH)
Batting: RHB Miguel Villarreal 0-0: Ground out 6-3 (Groundball, 56, EV 95.6 MPH)
Batting: RHB Eugene McClellan 0-0: Ball
1-0: Swinging Strike
1-1: Foul Ball, location: 2F
1-2: Strikes out swinging
Bottom of the 6th over - 0 runs, 0 hits, 0 errors, 0 left on base; Tacoma 3 - Phoenix Hotspur 4
TOP OF THE 7TH
Tacoma Fur Traders batting - Pitching for Phoenix Hotspur Youth : RHP Juan Escobar
Batting: LHB Alex Avery 0-0: Ball
1-0: Ball
2-0: Ball
3-0: Called Strike
3-1: Foul Ball, location: 2F
3-2: Base on Balls
Batting: RHB Francisco Alhama 0-0: Called Strike
0-1: Foul Ball, location: 2F
0-2: Ground out 5-3 (Groundball, 56S, EV 66.9 MPH)
Alex Avery to second
Batting: RHB Layton Arntsen 0-0: Ball
1-0: Swinging Strike
1-1: Foul Ball, location: 2F
1-2: Fly out, F9 (Line Drive, 9D, EV 108.1 MPH)
Batting: RHB John Fitzgerald 0-0: Ball
1-0: Foul Ball, location: 2F
1-1: Ball
2-1: Fly out, F6 (Popup, 4M, EV 62.5 MPH)
Top of the 7th over - 0 runs, 0 hits, 0 errors, 1 left on base; Tacoma 3 - Phoenix Hotspur 4
BOTTOM OF THE 7TH
Phoenix Hotspur Youth batting - Pitching for Tacoma Fur Traders : RHP Mo-ruo Kum
Batting: RHB Hal Larson 0-0: Called Strike
0-1: Called Strike
0-2: Foul Ball, location: 2F
0-2: Fly out, F7 (Line Drive, 7, EV 91.2 MPH)
Batting: LHB Damian Alldred 0-0: Called Strike
0-1: Called Strike
0-2: Foul Ball, location: 2F
0-2: Foul Ball, location: 2F
0-2: Ball
1-2: Ball
2-2: Foul Ball, location: 2F
2-2: Foul Ball, location: 2F
2-2: Ball
3-2: SINGLE (Groundball, 34D, EV 95.0 MPH)
Batting: RHB Peer Kattenberg 0-0: Ball
1-0: Called Strike
1-1: SINGLE (Groundball, 4MD, EV 103.8 MPH)
Damian Alldred to second
Pitching: LHP Sherman Harrison
Batting: RHB Nathan Pruitt 0-0: Called Strike
0-1: Ball
1-1: Ball
2-1: Ball
3-1: Fly out, F8 (Flyball, 8LM, EV 75.0 MPH)
Batting: RHB Wilbert Hall 0-0: Ground out 4-3 (Groundball, 34, EV 99.4 MPH)
Bottom of the 7th over - 0 runs, 2 hits, 0 errors, 2 left on base; Tacoma 3 - Phoenix Hotspur 4
TOP OF THE 8TH
Tacoma Fur Traders batting - Pitching for Phoenix Hotspur Youth : RHP Juan Escobar
Batting: RHB Wen-hua Zhŕo 0-0: Foul Ball, location: 2F
0-1: Called Strike
0-2: Ball
1-2: Ground out 6-3 (Groundball, 56S, EV 83.1 MPH)
Batting: RHB Juan Echerearria 0-0: Ball
1-0: Called Strike
1-1: DOUBLE (Line Drive, 3D, EV 104.4 MPH)
Pitching: RHP Francisco Medine
Batting: RHB António Salas 0-0: SINGLE (Line Drive, 5D, EV 101.2 MPH)
Juan Echerearria to third
Batting: LHB Sherman Hoffman 0-0: Ball
1-0: Called Strike
1-1: Ball
2-1: Swinging Strike
2-2: Foul Ball, location: 2F
2-2: Strikes out swinging
Batting: RHB Gilberto Ramírez 0-0: Ball
1-0: Fielders Choice at 2nd, 6-4 (Groundball, 6, EV 85.0 MPH)
Top of the 8th over - 0 runs, 2 hits, 0 errors, 2 left on base; Tacoma 3 - Phoenix Hotspur 4
BOTTOM OF THE 8TH
Phoenix Hotspur Youth batting - Pitching for Tacoma Fur Traders : LHP Sherman Harrison
Batting: RHB Fernando González 0-0: Ball
1-0: Ball
2-0: Foul Ball, location: 2F
2-1: Foul Ball, location: 2F
2-2: Ball
3-2: SINGLE (Groundball, 6MD, EV 106.2 MPH)
Batting: LHB Carel Oskamp 0-0: Called Strike
Fernando González steals 2nd, throwing error, E2
Fernando González to third
0-1: Foul Ball, location: 2F
0-2: Foul Ball, location: 2F
0-2: SINGLE (Groundball, 6, EV 101.9 MPH) (infield hit)
Fernando González scores
Batting: RHB Miguel Villarreal 0-0: Sac Bunt to 23 - play at first, batter OUT! 3-4
Carel Oskamp to second
Batting: RHB Eugene McClellan 0-0: Intentional Walk
Batting: RHB Hal Larson 0-0: SINGLE (Line Drive, 89S, EV 91.2 MPH)
Carel Oskamp to third
Eugene McClellan to second
Batting: LHB Damian Alldred 0-0: SINGLE (Groundball, 6, EV 100.0 MPH) (infield hit)
Carel Oskamp scores
Eugene McClellan to third
Hal Larson to second
Batting: RHB Peer Kattenberg 0-0: Called Strike
0-1: Ball
1-1: Ball
2-1: Ball
3-1: Swinging Strike
3-2: Grounds into fielders choice 5-2 (Groundball, 56, EV 88.1 MPH)
Hal Larson to third
Damian Alldred to second
Batting: RHB Nathan Pruitt 0-0: Fly out, F9 (Flyball, 89M, EV 95.6 MPH)
Bottom of the 8th over - 2 runs, 4 hits, 1 error, 3 left on base; Tacoma 3 - Phoenix Hotspur 6
TOP OF THE 9TH
Tacoma Fur Traders batting - Pitching for Phoenix Hotspur Youth : RHP Francisco Medine
Pitching: RHP Eduardo Arroyo
Batting: LHB Alex Avery 0-0: Called Strike
0-1: Foul Ball, location: 2F
0-2: Strikes out swinging
Batting: RHB Francisco Alhama 0-0: Ground out 6-3 (Groundball, 6S, EV 73.1 MPH)
Batting: RHB Layton Arntsen 0-0: Foul Ball, location: 2F
0-1: Ball
1-1: Ball
2-1: Ball
3-1: Base on Balls
Batting: RHB John Fitzgerald 0-0: Ball
1-0: Called Strike
1-1: Ball
2-1: Swinging Strike
2-2: Ball
3-2: Strikes out swinging
Top of the 9th over - 0 runs, 0 hits, 0 errors, 1 left on base; Tacoma 3 - Phoenix Hotspur 6
Thursday, January 23rd, 2020 - OOTP Baseball 20.8 Build 74